 Dungeon Crawl Stone Soup version 0.30-a0-728-gc68057be0a (webtiles) character file.

Game seed: 93305965421207815

82 Dirtsage the Changer (level 4, -9/28 HPs)
             Began as an Octopode Transmuter on Jan 31, 2023.
             Killed from afar by an orc (15 damage)
             ... with a bolt of dispelling energy
             ... on level 3 of the Dungeon.
             The game lasted 00:03:17 (2187 turns).

Dirtsage the Changer (Octopode Transmuter)          Turns: 2187, Time: 00:03:17

Health: -9/28      AC:  1    Str:  9    XL:     4   Next: 43%
Magic:  5/7        EV: 28    Int: 17    God:
Gold:   111        SH:  0    Dex: 12    Spells: 0/7 levels left

rFire   . . .      SeeInvis .      - Unarmed
rCold   . . .      Faith    .    (no shield)
rNeg    . . .      Spirit   .    (helmet restricted)
rPois   .          Reflect  .    e - amulet of the acrobat
rElec   .          Harm     .    k - ring of willpower
rCorr   .          Rampage  .    (no ring)
Will    +....                    (no ring)
Stlth   ++                       (no ring)
HPRegen 0.24/turn                (no ring)
MPRegen 0.10/turn                (no ring)
                                 (no ring)
                                 (no ring)

@: acrobatic
A: almost no armour, amphibious, 8 rings, camouflage 1, gelatinous body 1,
(nimble swimmer 1), tentacles
a: no special abilities


You were on level 3 of the Dungeon.
You visited 1 branch of the dungeon, and saw 3 of its levels.

You collected 111 gold pieces.

Inventory:

Jewellery
 e - an amulet of the acrobat (around mantle)
 k - a ring of willpower (left tentacle)
Scrolls
 b - 3 scrolls of identify {unknown}
 c - a scroll of fog {unknown}
 d - 2 scrolls of fear {unknown}
 g - 2 scrolls of teleportation {unknown}
 h - a scroll of summoning {unknown}
 i - a scroll of magic mapping {unknown}
 j - 2 scrolls of blinking {unknown}
 l - a scroll of poison {unknown}
 m - a scroll of noise {unknown}
 n - a scroll of acquirement {unknown}
Potions
 a - 2 potions of lignification
 f - a potion of mutation {unknown}
 o - a potion of resistance {unknown}
 p - a potion of curing {unknown}
 q - 2 potions of berserk rage {unknown}


   Skills:
 - Level 1.0 Fighting
 - Level 2.0 Dodging
 - Level 3.0 Unarmed Combat
 - Level 2.0 Spellcasting
 * Level 3.4 Transmutations
 * Level 2.6 Ice Magic


You couldn't memorise any spells.
You knew the following spells:

 Your Spells              Type           Power      Damage    Failure   Level
a - Beastly Appendage     Tmut           26%        N/A       4%          1
b - Wereblood             Tmut           13%        N/A       7%          2
c - Ice Form              Ice/Tmut       12%        N/A       50%         4

Your spell library contained the following spells:

 Spells                   Type           Power      Damage    Failure   Level
 Spider Form              Tmut/Pois      7%         N/A       28%         3


Dungeon Overview and Level Annotations

Branches:
Dungeon (3/15)

Altars:
Dithmenos


Innate Abilities, Weirdness & Mutations

You cannot wear most types of armour.
You are amphibious.
You can wear up to eight rings at the same time.
Your skin changes colour to match your surroundings (Stealth+).
Your rubbery body absorbs attacks. (AC +1, EV +1)
((You are camouflaged when in or above water. (Stealth+)))
You have tentacles for arms and can constrict up to eight enemies at once.


Message History

The adder bites you.
You are poisoned.
The adder poisons you!
You take 3 damage, and have 25/28 hp.
You tentacle-slap the adder but do no damage.
Your grab misses the adder. Your squeeze misses the adder.
The adder is heavily wounded.
You feel sick. The adder closely misses you. x2
You take 2 damage, and have 23/28 hp.
You miss the adder. Your grab misses the adder.
Your tentacle spike misses the adder.
You squeeze the adder.
The adder is severely wounded.
You feel sick. The adder barely misses you.
You take 1 damage, and have 22/28 hp.
You tentacle-slap the adder. Your grab misses the adder.
You pierce the adder.
You kill the adder!
You feel sick.
No target in view!
You feel sick.
You feel sick.
You feel sick.
You are no longer poisoned.
Your transformation is almost over.
You take 2 damage, and have 20/28 hp.
An orc is nearby!
MP restored: 7 A ball python comes into view.
Casting: Beastly Appendage (safe; 4% risk of failure)
Confirm with . or Enter, or press ? or * to list all spells.
Your blood is infused with primal strength.
The orc zaps a wand.
The bolt of dispelling energy hits you!
Your magical effects are unravelling.
Ouch! That really hurt!
* * * LOW HITPOINT WARNING * * *
You take 16 damage, and have 5/28 hp.
MASSIVE DAMAGE!!
You now have 5/7 mp.
You are too injured to fight recklessly!
Your tentacle spike disappears.
Your primal bloodlust has ended.
The orc zaps a wand.
The bolt of dispelling energy hits you!
Ouch! That really hurt!
You die...

# #...##. # #.##...
# #.##.. # #.##..
#.##.# # ##.##†##
#.. #
##...#..##..... #
######.#....o......S
#.....@....##.......
#.####.#†.## #..._..
#.#####....# ......
#...####...... .....
##...........# .....
#..#######.## .#..
#..# .# ###. .# #..#
. .# #..#####.


You could see an orc.

Vanquished Creatures
  3 adders (D:3)
  A worm (D:3)
  11 ball pythons
  2 endoplasms (D:2)
  A giant cockroach (D:2)
  6 goblins
  6 hobgoblins
  6 jackals
  4 kobolds
  2 quokkas
  3 bats
  3 frilled lizards
  3 rats
51 creatures vanquished.

Vanquished Creatures (others)
  2 plants (D:3)
2 creatures vanquished.

Grand Total: 53 creatures vanquished

Notes
Turn   | Place    | Note
-------+----------+-------------------------------------------
     0 | D:1      | Dirtsage the Octopode Transmuter began the quest for the
                  | Orb.
     0 | D:1      | Reached XP level 1. HP: 13/13 MP: 3/3
   165 | D:1      | Reached skill level 1 in Ice Magic
   165 | D:1      | Reached XP level 2. HP: 14/18 MP: 3/5
   927 | D:2      | Learned a level 2 spell: Wereblood
  1115 | D:2      | Reached XP level 3. HP: 16/23 MP: 6/6
  1918 | D:3      | Reached XP level 4. HP: 26/28 MP: 5/7
  1923 | D:3      | Learned a level 4 spell: Ice Form
  2166 | D:3      | Found a shadowy altar of Dithmenos.
  2187 | D:3      | Killed from afar by an orc

Illustrated notes

Levels and vault maps discovered:
D:1:      dpeg_arrival_round_c, layout_basic, roderic_serpentine_path
D:2:      layout_loops_cross, minmay_indecisive_spiral
D:3:      layout_loops_ring, nicolae_dithmenos_shadow_blocks,
          ebering_ecumenical_altar_hall, minmay_shallow_snake_nest

Skill      XL: |  1  2  3 |
---------------+----------+-----
Ice Magic      | 1 2 |  2.6
Transmutations | 3 |  3.4
Fighting       | |  1.0
Dodging        | |  2.0
Unarmed Combat | |  3.0
Spellcasting   | |  2.0

Action                     |  1- 3 |  4- 6 || total
---------------------------+-------+-------++-------
  Melee: Unarmed           |    92 |    21 ||   113
         Constrict         |    25 |     5 ||    30
         Tentacles         |    19 |     3 ||    22
         Kick              |    18 |     4 ||    22
         Punch             |     2 |       ||     2
   Cast: Beastly Appendage |    18 |     3 ||    21
         Wereblood         |     3 |     2 ||     5
   Stab: Sleeping          |     6 |       ||     6
 Armour: Skin              |     8 |     4 ||    12
  Dodge: Dodged            |    59 |    10 ||    69

Table legend: (Time is in decaauts)
 A = Elapsed time spent in this place.
 B = Non-inter-level travel time spent in this place.
 C = Inter-level travel time spent in this place.
 D = Time resting spent in this place.
 E = Time spent auto-exploring this place.
 F = Levels seen in this place.
 G = Mean time per level.
                   A        B        C        D        E       F      G
               +--------+--------+--------+--------+--------+-----+--------+
         Total |   2179 |   2158 |     21 |      0 |   1825 |   3 |  726.3 |
       Dungeon |   2179 |   2158 |     21 |      0 |   1825 |   3 |  726.3 |
               +--------+--------+--------+--------+--------+-----+--------+

Top non-repeatable levels by time:
     D:2: 908 daAuts
     D:1: 898 daAuts
     D:3: 372 daAuts
